 Dungeon Crawl Stone Soup version 0.30-a0-377-g5cb311bc9f (webtiles) character file.

Game seed: 9926234471059142125

38561 zishaf the Dancer (level 14, 0/81 HPs)
             Began as a Vine Stalker Brigand on Nov 28, 2022.
             Was the Champion of Uskayaw.
             Succumbed to a cane toad's poison
             ... on level 4 of the Lair of Beasts.
             The game lasted 00:23:45 (13526 turns).

zishaf the Dancer (Vine Stalker Brigand)           Turns: 13526, Time: 00:23:46

Health: 0/81       AC: 18    Str: 17    XL:     14   Next: 2%
Magic:  1/24       EV: 10    Int: 11    God:    Uskayaw [******]
Gold:   1187       SH: 11    Dex: 22    Spells: 13/13 levels left

rFire   + . .      SeeInvis .    a - +9 rapier of the Thing {speed, Contam rN+ Dex+4}
rCold   . . .      Faith    .    p - +0 buckler {rF+}
rNeg    + . .      Spirit   +    i - +2 ring mail {Will+}
rPois   +          Reflect  +    t - +0 helmet
rElec   +          Harm     .    c - +1 cloak
rCorr   .          Rampage  .    L - +0 pair of gloves
Will    ++...                    (no boots)
Stlth   ++++......               B - amulet of reflection
HPRegen 1.13/turn                y - ring of poison resistance
MPRegen 0.19/turn                M - +4 ring of protection

@: lethally poisoned (0 -> -9), studying Armour
A: fangs 3, regeneration 1, magic shield, antimagic bite, no potion heal 2,
talons 2, electricity resistance
a: Renounce Religion, Stomp, Line Pass, Grand Finale


You were on level 4 of the Lair of Beasts.
You worshipped Uskayaw.
Uskayaw was pleased with you.
You visited 3 branches of the dungeon, and saw 17 of its levels.
You also visited: Bailey.

You collected 1512 gold pieces.
You spent 325 gold pieces at shops.

Inventory:

Hand Weapons
 a - the +9 rapier of the Thing (weapon) {speed, Contam rN+ Dex+4}
   (You found it on level 2 of the Lair of Beasts)

   Attacks with this weapon are significantly faster.
   Dex:       It affects your dexterity (+4).
   rN:        It protects you from negative energy.
   Contam:    It causes magical contamination when unequipped.
 b - the +6 sling of Cobwebs {freeze, rC+ Int+3 SInv}
   (You found it on level 3 of the Dungeon)

   Any ammunition fired from it freezes those it strikes, dealing additional
   cold damage.
   It can also slow down cold-blooded creatures.
   Int:       It affects your intelligence (+3).
   rC:        It protects you from cold.
   SInv:      It lets you see invisible.
 m - a +2 dagger
 V - the +6 dagger "Daonuont" {vorpal, Will+ Str+3 Int+5 Dex-4}
   (You found it on level 5 of the Dungeon)

   It inflicts extra damage upon your enemies.
   Str:       It affects your strength (+3).
   Int:       It affects your intelligence (+5).
   Dex:       It affects your dexterity (-4).
   Will:      It increases your willpower.
 W - the +10 sling "Beast's Demise" {vorpal, rN++}
   (You found it on level 3 of the Lair of Beasts)

   Any ammunition fired from it inflicts extra damage upon your enemies.
   rN:        It greatly protects you from negative energy.
Missiles
 d - 45 poisoned darts
 e - 7 curare-tipped darts (quivered)
 h - 13 boomerangs
 z - 3 atropa-tipped darts
 Q - 7 silver javelins
Armour
 c - a +1 cloak (worn)
 i - a +2 ring mail of willpower (worn)
 p - a +0 buckler of fire resistance (worn)
 t - a +0 helmet (worn)
 v - a +0 troll leather armour
 L - a +0 pair of gloves (worn)
Jewellery
 n - an amulet of magic regeneration
 w - a ring of fire
 y - a ring of poison resistance (left hand)
 B - an amulet of reflection (around neck)
 G - a ring of protection from fire
 M - a +4 ring of protection (right hand)
Wands
 C - a wand of flame (20)
 D - a wand of mindburst (20)
 F - a wand of acid (20)
 J - a wand of charming (30)
Scrolls
 g - 2 scrolls of enchant weapon
 j - 5 scrolls of enchant armour
 x - 3 scrolls of poison
 A - 2 scrolls of magic mapping
 K - 5 scrolls of teleportation
 R - 4 scrolls of blinking
 S - a scroll of summoning
 T - 2 scrolls of silence
 U - 3 scrolls of identify
 X - a scroll of fear
Potions
 f - 2 potions of mutation
 k - 3 potions of berserk rage
 l - 3 potions of magic
 o - a potion of cancellation
 q - 5 potions of flight
 r - 3 potions of might
 s - 7 potions of curing
 u - a potion of invisibility
 E - 2 potions of brilliance
 H - 2 potions of haste
 I - 3 potions of lignification
 N - 8 potions of ambrosia
 P - 4 potions of resistance
Miscellaneous
 O - a phantom mirror


   Skills:
 + Level 12.7 Fighting
 - Level 6.0(6.5) Short Blades
 + Level 3.7(5.4) Long Blades
 - Level 2.0 Throwing
 + Level 10.5 Armour
 - Level 1.0 Dodging
 - Level 9.0 Stealth
 - Level 5.0 Shields
 * Level 12.9 Invocations
 - Level 4.0 Evocations


You had 13 spell levels left.
You didn't know any spells.
Your spell library contained the following spells:

 Spells                   Type           Power      Damage    Failure   Level
 Foxfire                  Conj/Fire      0%         2x1d4     58%         1
 Static Discharge         Conj/Air       0%         2-2/arc   73%         2
 Dazzling Flash           Conj/Hex       0%         N/A       91%         3
 Ozocubu's Armour         Ice            0%         N/A       91%         3
 Tukima's Dance           Hex            0%         N/A       91%         3
 Vhi's Electric Charge    Tloc/Air       0%         N/A       91%         3
 Animate Dead             Necr           0%         N/A       100%        4
 Olgreb's Toxic Radiance  Pois           0%         N/A       100%        4
 Passage of Golubria      Tloc           0%         N/A       100%        4
 Agony                    Necr           0%         N/A       100%        5
 Arcjolt                  Conj/Air       0%         1d10      100%        5
 Borgnjor's Vile Clutch   Necr/Erth      0%         N/A       100%        5
 Fireball                 Conj/Fire      0%         3d3       100%        5
 Lightning Bolt           Conj/Air       0%         1d11      100%        5
 Metabolic Englaciation   Hex/Ice        0%         N/A       100%        5
 Silence                  Hex/Air        0%         N/A       100%        5
 Summon Forest            Summ/Tloc      0%         N/A       100%        5
 Yara's Violent Unravell  Hex/Tmut       0%         3d3       100%        5
 Death Channel            Necr           0%         N/A       100%        6
 Eringya's Noxious Bog    Tmut/Pois      0%         N/A       100%        6
 Simulacrum               Ice/Necr       0%         N/A       100%        6
 Starburst                Conj/Fire      0%         6d3       100%        6
 Ozocubu's Refrigeration  Ice            0%         4d7       100%        7
 Summon Hydra             Summ           0%         N/A       100%        7
 Ignition                 Fire           0%         3d3       100%        8


Dungeon Overview and Level Annotations

Branches:
Dungeon (11/15)            Temple (1/1) D:7            Lair (5/5) D:8
 Shoals (0/4) Lair:2        Snake (0/4) Lair:3        Slime (0/5) Lair:4
    Orc (0/2) D:10         Bailey (visited)

Altars:
Ashenzari
Fedhas
Hepliaklqana
Kikubaaqudgha
Makhleb
Okawaru
Qazlal
Ru
Uskayaw
Vehumet
Wu Jian
Xom
Yredelemnul
Zin
The Shining One
Jiyva

Shops:
D:2 ?   D:5 *

Annotations:
D:8 exclusion: upstairs
D:11 2 runed translucent doors, porpoise's ghost, journeyman TeHu
Lair:4 exclusion: 4 oklob plants


Innate Abilities, Weirdness & Mutations

You have razor-sharp teeth.
Your natural rate of healing is unusually fast.
When hurt, damage is shared between your health and your magic reserves.
Your bite disrupts and absorbs the magic of your enemies.
Potions cannot restore your health.
You have razor-sharp toenails.
You are resistant to electric shocks. (rElec)


Message History

The tyrant leech is moderately wounded.
The vampire mosquito bites you but does no damage. x2
The vampire mosquito barely misses you.
The cane toad stings you but does no damage.
The cane toad gives a loud, deep croak!
You puncture the tyrant leech!
You claw the tyrant leech, but do no damage.
The tyrant leech is moderately wounded.
You hear a croak.
The vampire mosquito bites you but does no damage.
The blink frog blinks!
The vampire mosquito closely misses you.
The blink frog hits you but does no damage.
You puncture the tyrant leech!
You claw the tyrant leech, but do no damage.
You bite the tyrant leech! You drain its power.
You feel invigorated.
The tyrant leech is severely wounded.
The vampire mosquito bites you!
The vampire mosquito draws strength from your injuries!
The cane toad stings you!
You are poisoned.
The cane toad poisons you!
You block the vampire mosquito's attack.
The tyrant leech bites you!
The tyrant leech draws strength from your injuries!
The vampire mosquito bites you.
You feel very sick. The vampire mosquito bites you. x2
The blink frog hits you but does no damage.
The blink frog blinks!
The vampire mosquito barely misses you. The tyrant leech bites you!!
* * * LOW HITPOINT WARNING * * *
The cane toad stings you!
* * * LOW HITPOINT WARNING * * *
The vampire mosquito bites you!
* * * LOW HITPOINT WARNING * * *
The vampire mosquito draws strength from your injuries!
You climb upwards.
Level annotation: exclusion: 4 oklob plants You die...

.....### #.##...........###
.......####.#.............#
.[.......P##.##.........###
..........#######.#....P#
........###### ######..#
......####P..####.P######
......##.....##.....####
.....##......##yw...#..#
.....##.....###F@......#
.....#...P#.#..yFF....##
.....#....###..........#
................^.....##
#...#P##.P..........###
...#####.>.........## #...#
#...........## #...#
#...........P####
.#..###...........###.#


You could see a tyrant leech, 2 cane toads, a blink frog and 2 vampire
mosquitoes.

Vanquished Creatures
  Snorg (D:11)
  2 catoblepae (Lair:3)
  5 hydras
  2 boulder beetles
  The ghost of Darkkill the Skirmisher, a novice MiHu of Nemelex Xobeh (Lair:1)
  A centaur warrior (D:9)
  Urug (Lair:1)
  Pikel (D:6)
  An orc knight (Bailey)
  A manticore (Lair:2)
  An ugly thing (D:11)
  4 black mambas
  7 elephants
  Joseph (D:7)
  A gargoyle (D:11)
  14 cane toads
  3 unseen horrors
  2 rime drakes
  7 komodo dragons
  2 trolls
  A polar bear (Lair:2)
  A queen bee (D:10)
  A wind drake (Lair:2)
  15 blink frogs
  Prince Ribbit (D:7)
  2 dream sheep (Lair:2)
  A wraith (D:9)
  6 wyverns
  2 shadows
  5 basilisks
  25 yaks
  2 steam dragons
  The ghost of bchevrier the Skirmisher, an amateur GnWn of Hepliaklqana (D:4)
  An acid dragon (D:10)
  11 water moccasins
  2 ice beasts
  A black bear (Lair:4)
  7 orc warriors
  A sky beast (D:5)
  6 centaurs (D:11)
  2 ogres (D:5)
  4 wolves (Lair:3)
  A lemure (D:6)
  3 phantoms
  16 bullfrogs
  3 kobold brigands
  A gnoll sergeant (D:8)
  8 wights
  30 killer bees
  3 electric eels
  2 hounds (D:6)
  3 jellies
  A gnoll bouda (D:7)
  9 orc priests
  5 hell rats
  11 iguanas
  7 orc wizards
  5 gnolls
  11 river rats
  5 adders
  A shadow imp (D:6)
  An ufetubus (D:5)
  2 dart slugs
  29 orcs
  4 ball pythons
  8 endoplasms
  4 giant cockroaches
  10 goblins
  11 hobgoblins
  6 jackals
  2 quokkas (D:2)
  7 bats
  5 frilled lizards
  28 kobolds
  12 rats
410 creatures vanquished.

Vanquished Creatures (others)
  An ufetubus (D:7)
  An orc (D:7)
  7 fungi
  41 plants
50 creatures vanquished.

Grand Total: 460 creatures vanquished

Notes
Turn   | Place    | Note
-------+----------+-------------------------------------------
     0 | D:1      | zishaf the Vine Stalker Brigand began the quest for the
                  | Orb.
     0 | D:1      | Reached XP level 1. HP: 11/11 MP: 2/2
     2 | D:1      | Noticed a human
     2 | D:1      | Noticed a ghoul
     4 | D:1      | Noticed a troll
     4 | D:1      | Noticed a gargoyle
     6 | D:1      | Noticed an armataur
     6 | D:1      | Noticed a vampire
     8 | D:1      | Noticed a demigod
     8 | D:1      | Noticed an octopode
    10 | D:1      | Noticed a meteoran
    10 | D:1      | Noticed a felid
    12 | D:1      | Noticed a tengu
    14 | D:1      | Noticed a merfolk
    16 | D:1      | Noticed an elf
    16 | D:1      | Noticed a vine stalker
    18 | D:1      | Noticed a naga
    18 | D:1      | Noticed a spriggan
    20 | D:1      | Noticed a demonspawn
    20 | D:1      | Noticed an ogre
    22 | D:1      | Noticed a formicid
    22 | D:1      | Noticed a draconian
    24 | D:1      | Noticed a meteoran
    26 | D:1      | Noticed a meteoran
    26 | D:1      | Noticed a formicid
   216 | D:1      | Reached skill level 1 in Dodging
   216 | D:1      | Reached XP level 2. HP: 15/15 MP: 3/3
   226 | D:1      | Reached skill level 5 in Stealth
  1144 | D:2      | Found Cac Fah's Magic Scroll Emporium.
  1171 | D:2      | Reached XP level 3. HP: 17/18 MP: 4/4
  1232 | D:2      | Bought a scroll of blinking for 82 gold pieces
  1847 | D:3      | Identified the +6 sling of Cobwebs {freeze, rC+ Int+3 SInv}
  1911 | D:3      | Gained mutation: Your natural rate of healing is unusually
                  | fast. [Vine Stalker growth]
  1911 | D:3      | Reached XP level 4. HP: 23/23 MP: 5/5
  2255 | D:3      | Reached XP level 5. HP: 20/28 MP: 3/6
  2435 | D:2      | Bought a scroll of enchant weapon for 82 gold pieces
  2523 | D:4      | Noticed a phantom
  2534 | D:4      | Killed a phantom
  2639 | D:4      | Reached XP level 6. HP: 7/33 MP: 2/7
  2738 | D:4      | Found a runed translucent gate.
  2739 | D:4      | Found a runed translucent gate.
  2968 | D:4      | Found a runed translucent gate.
  2971 | D:4      | Noticed bchevrier's ghost (amateur GnWn)
  3356 | D:5      | Entered Level 5 of the Dungeon
  3401 | D:5      | Noticed a sky beast
  3407 | D:5      | Killed a sky beast
  3469 | D:5      | Found a shimmering altar of Xom.
  3474 | D:5      | Reached XP level 7. HP: 38/38 MP: 8/8
  3481 | D:5      | Reached skill level 5 in Fighting
  3482 | D:5      | Identified the +6 dagger "Daonuont" {vorpal, Will+ Str+3
                  | Int+5 Dex-4}
  3497 | D:5      | Reached skill level 5 in Short Blades
  3675 | D:5      | Found Oteak's General Store.
  3908 | D:5      | Gained mutation: You have razor-sharp teeth. [Vine Stalker
                  | growth]
  3908 | D:5      | Reached XP level 8. HP: 44/44 MP: 9/9
  4011 | D:6      | Noticed a shadow
  4022 | D:6      | Killed a shadow
  4198 | D:5      | Bought a +0 buckler of fire resistance for 161 gold pieces
  4238 | D:6      | Noticed a troll
  4249 | D:6      | Killed a troll
  4368 | D:6      | Noticed Pikel
  4384 | D:6      | Killed Pikel
  4385 | D:6      | Reached XP level 9. HP: 48/51 MP: 10/10
  4646 | D:7      | Noticed Joseph
  4685 | D:7      | Killed Joseph
  4686 | D:7      | Reached skill level 5 in Shields
  4814 | D:7      | Found a staircase to the Ecumenical Temple.
  4828 | Temple   | Entered the Ecumenical Temple
  4864 | Temple   | Became a worshipper of Uskayaw the Reveller
  4978 | D:7      | Reached * piety under Uskayaw
  5098 | D:7      | Noticed Prince Ribbit
  5105 | D:7      | Reached ** piety under Uskayaw
  5113 | D:7      | Reached *** piety under Uskayaw
  5115 | D:7      | Reached XP level 10. HP: 59/59 MP: 10/12
  5116 | D:7      | Killed Prince Ribbit
  5116 | D:7      | Reached **** piety under Uskayaw
  5239 | D:8      | Identified a scroll of acquirement
  5239 | D:8      | Acquired a manual of Armour
  5351 | D:8      | Gained mutation: You have sharp toenails. [potion of
                  | mutation]
  5351 | D:8      | Gained mutation: You have razor-sharp toenails. [potion of
                  | mutation]
  5351 | D:8      | Gained mutation: You are resistant to electric shocks.
                  | (rElec) [potion of mutation]
  5503 | D:8      | Reached skill level 10 in Fighting
  5511 | D:8      | Reached skill level 1 in Armour
  5519 | D:8      | Reached ***** piety under Uskayaw
  5521 | D:8      | Reached skill level 1 in Evocations
  5530 | D:8      | Found a radiant altar of Vehumet.
  5560 | D:8      | Found a staircase to the Lair.
  6301 | D:9      | Found a basalt altar of Yredelemnul.
  6301 | D:9      | Found a sacrificial altar of Ru.
  6373 | D:9      | Found a glowing golden altar of the Shining One.
  6417 | D:9      | Found a flagged portal.
  6434 | Bailey   | Entered a bailey
  6453 | Bailey   | Noticed an orc knight
  6561 | Bailey   | Killed an orc knight
  6664 | Bailey   | Reached skill level 5 in Invocations
  7388 | D:9      | Reached XP level 11. HP: 60/64 MP: 13/16
  7416 | D:9      | Noticed a centaur warrior
  7426 | D:9      | Killed a centaur warrior
  7435 | D:9      | Reached skill level 5 in Armour
  7536 | D:9      | Found a hazy altar of Hepliaklqana.
  7716 | D:10     | Entered Level 10 of the Dungeon
  7797 | D:10     | Found a staircase to the Orcish Mines.
  7927 | D:10     | Reached ****** piety under Uskayaw
  8369 | D:11     | Noticed Snorg
  8382 | D:11     | Killed Snorg
  8510 | D:11     | Found a runed translucent door.
  8515 | D:11     | Noticed a skeletal warrior
  8515 | D:11     | Noticed a boulder beetle
  8515 | D:11     | Noticed a skeletal warrior
  8516 | D:11     | Noticed a war gargoyle
  8564 | D:11     | Noticed a cyan ugly thing
  8626 | D:11     | Killed a cyan ugly thing
  8699 | D:11     | Noticed a boulder beetle
  8742 | D:11     | Killed a boulder beetle
  8766 | D:11     | Noticed an eight-headed hydra
  8778 | D:11     | Killed an eight-headed hydra
  8779 | D:11     | Reached XP level 12. HP: 13/70 MP: 7/19
  8861 | D:11     | Noticed porpoise's ghost (journeyman TeHu)
  8861 | D:11     | Noticed a lich
  8862 | D:11     | Noticed a fire dragon
  9016 | D:11     | Found a runed translucent door.
  9481 | D:4      | Killed bchevrier's ghost
  9566 | Lair:1   | Entered Level 1 of the Lair of Beasts
  9584 | Lair:1   | Noticed Urug
  9598 | Lair:1   | Killed Urug
  9911 | Lair:1   | Noticed a boulder beetle
  9944 | Lair:1   | Killed a boulder beetle
  9945 | Lair:1   | Reached skill level 10 in Invocations
 10095 | Lair:1   | Found a runed translucent door.
 10101 | Lair:1   | Noticed Darkkill's ghost (novice MiHu)
 10229 | Lair:1   | Killed Darkkill's ghost
 11032 | Lair:2   | Noticed a seven-headed hydra
 11038 | Lair:2   | Killed a seven-headed hydra
 11039 | Lair:2   | Reached XP level 13. HP: 55/75 MP: 16/22
 11068 | Lair:2   | Identified the +9 rapier of the Thing {speed, Contam rN+
                  | Dex+4}
 11101 | Lair:2   | Found a staircase to the Shoals.
 11323 | Lair:2   | Reached skill level 1 in Long Blades
 11814 | Lair:3   | Identified the +10 sling "Beast's Demise" {vorpal, rN++}
 11828 | Lair:3   | Found a staircase to the Snake Pit.
 11884 | Lair:3   | Reached skill level 10 in Armour
 12180 | Lair:3   | Found a broken altar of Ashenzari.
 12390 | Lair:4   | Found a staircase to the Slime Pits.
 12647 | Lair:4   | Found a viscous altar of Jiyva.
 13480 | Lair:5   | Entered Level 5 of the Lair of Beasts
 13491 | Lair:5   | Reached XP level 14. HP: 76/81 MP: 24/24
 13525 | Lair:5   | HP: 4/81 [vampire mosquito (5)]
 13526 | Lair:4   | Succumbed to a cane toad's poison

Illustrated notes

Levels and vault maps discovered:
D:1:      kb_arrival_jail, layout_basic, wad_floor_pattern_untrapped,
          chequers_serial_rivers_small_3
D:2:      layout_basic, serial_shops, shop
D:3:      layout_rooms
D:4:      layout_basic, ebering_ghost_rock_garden, grunt_decor_resistance,
          kennysheep_crisscross
D:5:      layout_rooms, xom_butterflies, serial_shops, kennysheep_mini,
          minmay_misc_feat_four_crosses
D:6:      layout_cave_pools, minmay_misc_feat_alley, uniq_pikel
D:7:      minmay_recursive_quarters, layout_rooms,
          minmay_temple_entry_butterflies, uniq_joseph, uniq_prince_ribbit1
D:8:      layout_basic, vehumet_altar_wand_db, lair_entry_dummy
D:9:      layout_irregular_city, nicolae_overflow_two_pavilions,
          lemuel_coloured_pillars_altar, kennysheep_little_box, enter_bailey_3
D:10:     layout_roguey [special_room_bee], david_orc_3
D:11:     layout_basic, muffindrake_ghost_dual_entry, uniq_snorg
Temple:   nicolae_temple_elliptical
Lair:1:   beast_lair_carwin_large_3, layout_long_grid,
          ebering_ghost_reflecting_pool, kennysheep_abandoned_house,
          infiniplex_staircase_pool_2, uniq_urug
Lair:2:   layout_gridlike, minmay_shoals_entry_beasts,
          hangedman_lair_generics_rect
Lair:3:   layout_roguey, dummy_snake_entry, basic_altar,
          nicolae_quartered_pool_medium
Lair:4:   layout_cave_pods, minmay_slime_entry_oklob_open, kennysheep_rathole
Lair:5:   minmay_lair_end_frog_pond, layout_gridlike

Skill      XL: |  1  2  3  4  5  6  7  8  9 10 11 12 13 |
---------------+----------------------------------------+-----
Dodging        | 1 |  1.0
Stealth        | 5 7 9 |  9.0
Fighting       | 2 3 4 5 8 9 10 11 12 | 12.7
Short Blades   | 2 3 4 5 6 |  6.0
Throwing       | 2 |  2.0
Shields        | 3 5 |  5.0
Invocations    | 2 6 8 11 12 | 12.9
Armour         | 4 6 8 10 | 10.5
Evocations     | 3 4 |  4.0
Long Blades    | 3 |  3.7

Action                   |  1- 3 |  4- 6 |  7- 9 | 10-12 | 13-15 || total
-------------------------+-------+-------+-------+-------+-------++-------
Melee: Dagger            |    64 |    10 |   152 |   698 |    11 ||   935
       Bite              |    13 |     1 |    53 |   205 |    82 ||   354
       Kick              |       |       |       |   221 |    95 ||   316
       Rapier            |       |       |       |       |   229 ||   229
 Fire: Sling             |    10 |    80 |   101 |    65 |       ||   256
Throw: Dart              |       |     1 |       |       |       ||     1
Invok: Grand Finale      |       |       |       |     1 |     1 ||     2
       Stomp             |       |       |       |     1 |       ||     1
Evoke: Wand              |       |       |       |     2 |       ||     2
  Use: Scroll            |       |    14 |     4 |     8 |     1 ||    27
       Potion            |       |       |       |     3 |       ||     3
 Stab: Sleeping          |    16 |       |       |     5 |     9 ||    30
       Paralysed         |       |       |     1 |    47 |    25 ||    73
       Distracted        |       |       |       |     1 |       ||     1
       Petrified         |       |       |       |       |     3 ||     3
Armor: Leather armour    |     3 |       |       |       |       ||     3
       Ring mail         |    13 |    16 |    12 |   224 |    93 ||   358
       Troll leather arm |       |       |    27 |    29 |       ||    56
Dodge: Dodged            |    24 |    22 |    59 |   220 |    56 ||   381
Block: Buckler           |       |       |    38 |   342 |   111 ||   491
       Reflection        |       |       |       |    14 |       ||    14

Table legend: (Time is in decaauts)
 A = Elapsed time spent in this place.
 B = Non-inter-level travel time spent in this place.
 C = Inter-level travel time spent in this place.
 D = Time resting spent in this place.
 E = Time spent auto-exploring this place.
 F = Levels seen in this place.
 G = Mean time per level.
                   A        B        C        D        E       F      G
               +--------+--------+--------+--------+--------+-----+--------+
         Total |  13354 |  12457 |    897 |    107 |   9492 |  18 |  741.9 |
       Dungeon |   8976 |   8197 |    779 |     58 |   6301 |  11 |  816.0 |
        Temple |     59 |     36 |     23 |      0 |     28 |   1 |   59.0 |
          Lair |   3820 |   3726 |     94 |      0 |   2959 |   5 |  764.0 |
        Bailey |    497 |    497 |      0 |     49 |    202 |   1 |  497.0 |
               +--------+--------+--------+--------+--------+-----+--------+

Top non-repeatable levels by time:
  Lair:1: 1297 daAuts
     D:4: 1155 daAuts
    D:11: 1141 daAuts
  Lair:4: 1116 daAuts
     D:8: 1022 daAuts
     D:9: 1005 daAuts
     D:2: 911 daAuts
     D:1: 837 daAuts
  Lair:2: 803 daAuts
     D:5: 692 daAuts
     D:6: 632 daAuts
     D:7: 586 daAuts
  Lair:3: 568 daAuts
     D:3: 532 daAuts
  Bailey: 497 daAuts
